 Dungeon Crawl Stone Soup version 0.29.1-15-g9cfb28693d (webtiles) character file.

Game seed: 6467457211424639654

34 leafyfresh the Sneak (level 3, 0/26 HPs)
             Began as an Octopode Delver on Apr 19, 2023.
             Slain by an orc priest
             ... wielding a +0 falchion
              (2 damage)
             ... on level 3 of the Dungeon.
             The game lasted 00:00:40 (166 turns).

leafyfresh the Sneak (Octopode Delver)               Turns: 166, Time: 00:00:41

Health: 0/26       AC:  1    Str: 11    XL:     3   Next: 31%
Magic:  3/3        EV: 13    Int: 14    God:
Gold:   45         SH:  0    Dex: 13    Spells: 2/2 levels left

rFire   . . .      SeeInvis .   a - +0 short sword
rCold   . . .      Faith    .   (no shield)
rNeg    . . .      Spirit   .   (helmet restricted)
rPois   .          Reflect  .   (no amulet)
rElec   .          Harm     .   (no ring)
rCorr   .          Rampage  .   (no ring)
Will    .....                   (no ring)
Stlth   ++++......              (no ring)
HPRegen 0.08/turn               (no ring)
MPRegen 0.08/turn               (no ring)
                                (no ring)
                                (no ring)

@: no status effects
A: almost no armour, amphibious, 8 rings, camouflage 1, gelatinous body 1,
(nimble swimmer 1), tentacles
a: no special abilities


You were on level 3 of the Dungeon.
You visited 1 branch of the dungeon, and saw 3 of its levels.

You collected 45 gold pieces.

Inventory:

Hand Weapons
 a - a +0 short sword (weapon)
Wands
 f - a wand of digging (3)
Scrolls
 b - a scroll of fog
 c - 5 scrolls of identify {unknown}
 d - a scroll of fear
Potions
 e - 3 potions of haste
 g - a potion of experience {unknown}


   Skills:
 + Level 3.4 Fighting
 - Level 2.0 Short Blades
 + Level 2.6 Dodging
 + Level 7.1 Stealth


You had 2 spell levels left.
You didn't know any spells.
Your spell library was empty.

Dungeon Overview and Level Annotations

Branches:
Dungeon (5/15)
 Temple: D:4-7

Altars:
Makhleb
Nemelex Xobeh
Okawaru
Ru

Shops:
D:4 (


Innate Abilities, Weirdness & Mutations

You cannot wear most types of armour.
You are amphibious.
You can wear up to eight rings at the same time.
Your skin changes colour to match your surroundings (Stealth+).
Your rubbery body absorbs attacks. (AC +1, EV +1)
((You are camouflaged when in or above water. (Stealth+)))
You have tentacles for arms and can constrict up to eight enemies at once.


Message History

The adder closely misses you.
You hit the adder. You squeeze the adder.
You kill the adder!
You have reached level 3!
Your experience leads to an increase in your attributes!
Increase (S)trength, (I)ntelligence, or (D)exterity?
You feel clever. x2
Unknown command.
You barely miss the orc. You grab the orc.
You constrict the orc, but do no damage.
The orc hits you with a +0 hand axe.
You hit the orc.
The orc is heavily wounded.
You constrict the orc.
The orc priest looks encouraged for a moment.
The orc barely misses you.
You hit the orc.
You kill the orc!
You closely miss the orc priest. You grab the orc priest.
You constrict the orc priest, but do no damage.
The orc priest begins to cast a cantrip, but forgets the words!
You hit the orc priest but do no damage.
Your squeeze misses the orc priest. You constrict the orc priest.
The orc priest barely misses you.
You hit the orc priest but do no damage.
Your squeeze misses the orc priest.
The orc priest is lightly wounded.
You constrict the orc priest, but do no damage.
The orc priest looks encouraged for a moment.
You hit the orc priest but do no damage.
You squeeze the orc priest.
The orc priest is severely wounded.
You constrict the orc priest.
The orc priest hits you with a +0 falchion!
* * * LOW HITPOINT WARNING * * *
You hit the orc priest but do no damage.
The orc priest is severely wounded.
You constrict the orc priest.
The orc priest hits you with a +0 falchion.
You die...

....#####.##.#..# .# ..#
#.#.....# # . ###.#..#.##
# ###........###.#
##...###........### .
##.....##.##.......# ..
#...~..##.##.#####.###...
#..~..........##.........
#>.(..........@oo.......S
#.........##..##o........
#.....######..##....##.S
####### #....r_...#
##........# #^.........
#._..⌠.._...o
#............
............#


You could see an orc priest and 2 orcs.

Vanquished Creatures
  3 adders (D:3)
  2 orcs (D:3)
  An endoplasm (D:3)
  A rat (D:3)
7 creatures vanquished.

Notes
Turn   | Place    | Note
-------+----------+-------------------------------------------
     0 | D:5      | leafyfresh the Octopode Delver began the quest for the Orb.
     0 | D:5      | Reached XP level 1. HP: 16/16 MP: 1/1
    55 | D:5      | Noticed an ogre
    61 | D:4      | Found Miva's Antique Weapon Shoppe.
    90 | D:3      | Found a sparkling altar of Nemelex Xobeh.
   134 | D:3      | Found an iron altar of Okawaru.
   134 | D:3      | Found a sacrificial altar of Ru.
   136 | D:3      | Found a burning altar of Makhleb.
   136 | D:3      | Noticed an orc priest
   150 | D:3      | Reached XP level 2. HP: 16/21 MP: 2/2
   157 | D:3      | Reached skill level 7 in Stealth
   159 | D:3      | Reached XP level 3. HP: 14/26 MP: 3/3
   166 | D:3      | Slain by an orc priest

Illustrated notes

Levels and vault maps discovered:
D:3:      layout_loops_cross, grunt_temple_overflow_open,
          chequers_serial_rivers_micro_c, hangedman_decor_push
D:4:      layout_cave_pools, fedhas_altar_2, nicolae_ossuary_entry_monument,
          serial_shops, shop
D:5:      layout_basic, mainiacjoe_overflow_tiny_flanked, kennysheep_mini_moat,
          ebering_ghost_sewer_d, serial_shops, nicolae_shop_window_shopping

Skill      XL: |  1  2 |
---------------+-------+-----
Stealth        | 7 |  7.1
Fighting       | |  3.4
Short Blades   | |  2.0
Dodging        | |  2.6

Action                   || total
-------------------------++-------
Melee: Short sword       ||    26
       Constrict         ||     7
       Tentacles         ||     6
       Punch             ||     1
  Use: Scroll            ||     2
 Stab: Sleeping          ||     1
Armor: Skin              ||     1
Dodge: Dodged            ||    15
